 Dungeon Crawl Stone Soup version 0.19-a0-1051-gdb7e7f8 (webtiles) character file.

72 blurds the Cudgeler (level 4, -7/41 HPs)
             Began as a Minotaur Berserker on Aug 1, 2016.
             Was a Believer of Trog.
             Killed by nerve-wracking pain
             ... invoked by Grinder
              (14 damage)
             ... on level 3 of the Dungeon.
             The game lasted 00:21:25 (1634 turns).

blurds the Cudgeler (Minotaur Berserker)            Turns: 1634, Time: 00:21:26

Health: -7/41      AC:  6    Str: 22    XL:     4   Next: 7%
Magic:  3/3        EV: 12    Int:  4    God:    Trog [**....]
Gold:   143        SH:  0    Dex: 10    Spells: 0 memorised, 3 levels left

rFire  . . .     SeeInvis .     a - +0 mace
rCold  . . .     Gourm    .     d - +0 ring mail
rNeg   . . .     Faith    .     (no shield)
rPois  .         Spirit   .     (helmet restricted)
rElec  .         Dismiss  .     q - +0 cloak
rCorr  .         Reflect  .     (no gloves)
SustAt .         Harm     .     (no boots)
MR     .....                    (no amulet)
Stlth  ..........               (no ring)
                                (no ring)

@: not resistant to hostile enchantments, extremely unstealthy
A: retaliatory headbutt, horns 2
a: Berserk, Trog's Hand, Burn Spellbooks, Renounce Religion


You were on level 3 of the Dungeon.
You worshipped Trog.
Trog was pleased with you.
You were not hungry.

You visited 1 branch of the dungeon, and saw 3 of its levels.

You collected 143 gold pieces.

Inventory:

Hand Weapons
 a - a +0 mace (weapon)
 e - a +0 mace
 h - a +0 whip
 u - a +0 hunting sling
Missiles
 f - 11 arrows
 g - 35 poisoned needles
 j - 173 stones (quivered)
 r - 11 bolts
Armour
 b - a +0 animal skin
 d - a +0 ring mail (worn)
 i - a +0 robe
 q - a +0 cloak (worn)
Potions
 m - 2 potions of curing {unknown}
 n - 2 potions of flight {unknown}
 s - a potion of cure mutation {unknown}
 t - a potion of heal wounds {unknown}
Comestibles
 c - 2 bread rations
 k - 3 meat rations
 l - 2 slices of pizza


   Skills:
 + Level 4.3 Fighting
 + Level 4.4 Maces & Flails
 + Level 3.2 Armour
 + Level 2.9 Dodging


You had 3 spell levels left.
You didn't know any spells.

Dungeon Overview and Level Annotations

Branches:
Dungeon (3/15)

Altars:

Annotations:
D:3 Grinder


Innate Abilities, Weirdness & Mutations

You reflexively headbutt those who attack you in melee.
You have a pair of horns on your head.


Message History

Grinder gestures at you. Pain shoots through your body!
A jackal comes into view.
The jackal barks!
Grinder hits you.
* * * LOW HITPOINT WARNING * * *
You writhe in agony.
* * * LOW HITPOINT WARNING * * *
You barely miss Grinder. Your headbutt misses Grinder.
Grinder is almost dead.
Grinder says, "Are you a fish?" Grinder hits you but does no damage.
A jackal comes into view.
Unknown command.
The jackal barks!
You hit Grinder. Your headbutt misses Grinder.
Grinder is almost dead.
Grinder gestures at you. Pain shoots through your body!
You die...

#.......... #.
#......#####. #h
#............
#.####....†#######
##............#...# #
#...h.....###.#.#.#.##
#.........# #.#<.....#
#..$......###........#
#...5@...†.#.....###.#
######..??.#.........
#.....###.######
#####.....# #.#####
###


You could see Grinder and 2 jackals.

Vanquished Creatures
  An adder (D:2)
  A worm (D:2)
  A dart slug (D:1)
  3 giant geckos
  4 giant cockroaches
  7 goblins
  4 hobgoblins
  5 jackals
  4 kobolds
  2 quokkas (D:2)
  10 bats
  3 giant newts
  6 rats
51 creatures vanquished.

Notes
Turn   | Place    | Note
-------+----------+-------------------------------------------
     0 | D:1      | blurds the Minotaur Berserker began the quest for the Orb.
     0 | D:1      | Reached XP level 1. HP: 19/19 MP: 0/0
   115 | D:1      | Reached XP level 2. HP: 25/27 MP: 1/1
   811 | D:1      | Reached XP level 3. HP: 29/33 MP: 2/2
   862 | D:2      | Reached ** piety under Trog
  1537 | D:2      | Reached XP level 4. HP: 39/41 MP: 3/3
  1601 | D:3      | Noticed Grinder
  1601 | D:3      | Paralysed by Grinder for 4 turns
  1634 | D:3      | Killed from afar by Grinder

Vault maps used:
D:1:      ncdulo_smallfort
D:2:      grunt_ministairs_6, minmay_misc_feat_room
D:3:      lemuel_castle_with_subvaults, uniq_terence, uniq_grinder

Skill      XL: |  1  2  3 |
---------------+----------+-----
Maces & Flails | 4 |  4.4
Fighting       | 4 |  4.3
Armour         | 3 |  3.2
Dodging        | |  2.9

Action                   |  1- 3 |  4- 6 || total
-------------------------+-------+-------++-------
Melee: Mace              |    94 |    16 ||   110
       Headbutt          |    13 |     1 ||    14
  Eat: Bread ration      |     1 |       ||     1
Armor: Ring mail         |    39 |     8 ||    47
Dodge: Dodged            |    81 |     9 ||    90
